General information
- name: BNet
- type: Ladder 1vs1/FFA
- host: Battle.net
- saver: TIMG4STRok
map: BrokenShard
- players: 2
- length: 10:37
- speed: Fast
- version: 1.21 W3XP
- replay type:

» download(45 KB)
Players
team 1 (loser)
tutu121 (
blue | 145 APM | 1536 actions | 10:36)
4 Archmage
3 Summon Water Elemental
1 Brilliance Aura
2 Pandaren Brewmaster
1 Breath of Fire
1 Drunken Haze
» actions
| Assign group hotkey | 45 | |
| Basic commands | 69 | |
| Build / train | 51 | |
| ESC pressed | 1 | |
| Enter build submenu | 13 | |
| Enter hero's abilities submenu | 6 | |
| Right click | 417 | |
| Select / deselect | 214 | |
| Select group hotkey | 675 | |
| Use ability | 45 | |
1536 total
» units
| Peasant | 13 | |
| Footman | 13 | |
| Priest | 3 | |
| Spell Breaker | 1 | |
30 total
» upgrades
» buildings
| Altar of Kings | 1 | |
| Farm | 5 | |
| Barracks | 1 | |
| Scout Tower | 1 | |
| Keep | 5 | |
| Arcane Vault | 1 | |
| Arcane Tower | 1 | |
| Lumber Mill | 1 | |
| Arcane Sanctum | 2 | |
| Town Hall | 1 | |
19 total
» build order
00:08 Altar of Kings
00:17 Farm
00:20 Barracks
00:51 Farm
01:34 Farm
02:58 Scout Tower
03:25 Keep
03:25 Keep
03:25 Keep
03:32 Farm
04:07 Arcane Vault
04:41 Arcane Tower
04:43 Lumber Mill
05:30 Farm
06:11 Arcane Sanctum
08:40 Arcane Sanctum
08:44 Town Hall
» items
| Scroll of Regeneration | 2 | |
| Lesser Clarity Potion | 1 | |
| Potion of Healing | 1 | |
4 total
team 2 (winner)

»
TIMG4STRok (
pink | 153 APM | 1623 actions | 10:37)
3 Archmage
2 Summon Water Elemental
1 Brilliance Aura
1 Mountain King
1 Storm Bolt
» actions
| Assign group hotkey | 29 | |
| Basic commands | 68 | |
| Build / train | 44 | |
| Enter build submenu | 13 | |
| Enter hero's abilities submenu | 4 | |
| Right click | 780 | |
| Select / deselect | 180 | |
| Select group hotkey | 466 | |
| Use ability | 39 | |
1623 total
» units
| Peasant | 10 | |
| Footman | 13 | |
| Sorceress | 2 | |
| Priest | 1 | |
| Spell Breaker | 2 | |
28 total
» buildings
| Altar of Kings | 1 | |
| Barracks | 1 | |
| Farm | 5 | |
| Scout Tower | 1 | |
| Arcane Vault | 1 | |
| Arcane Tower | 1 | |
| Keep | 3 | |
| Lumber Mill | 1 | |
| Arcane Sanctum | 2 | |
16 total
» build order
00:02 Altar of Kings
00:09 Barracks
00:26 Farm
01:08 Farm
01:38 Farm
01:48 Scout Tower
02:37 Arcane Vault
02:59 Arcane Tower
03:29 Keep
03:29 Keep
05:21 Farm
05:58 Lumber Mill
06:01 Arcane Sanctum
06:36 Arcane Sanctum
06:49 Farm
» items
Chat log
(00:11 / All) TIMG4STRok: gl hf